 Dungeon Crawl Stone Soup version 0.24-a0-250-g6074511 (webtiles) character file.

Game seed: 10668008926975389326

29026 Lanoc the Archer (level 13, -2/118 HPs)
             Began as a Minotaur Chaos Knight on Apr 14, 2019.
             Was a Plaything of Xom.
             Killed from afar by a deep troll earth mage (19 damage)
             ... with a blast of metal fragments
             ... on level 13 of the Dungeon on Apr 15, 2019.
             The game lasted 00:29:42 (11574 turns).

Lanoc the Archer (Minotaur Chaos Knight)           Turns: 11574, Time: 00:29:43

Health: -2/118     AC: 10    Str: 14    XL:     13   Next: 12%
Magic:  0/12       EV:  8    Int:  9    God:    Xom [......]
Gold:   1016       SH:  0    Dex: 12    Spells: 12/12 levels left

rFire    + . .     SeeInvis .   y - +8 storm bow {elec, penet}
rCold    + . .     Gourm    .   (shield currently unavailable)
rNeg     + . .     Faith    .   l - +0 plate armour
rPois    .         Spirit   +   (helmet restricted)
rElec    .         Reflect  .   (no cloak)
rCorr    .         Harm     .   (no gloves)
MR       .....                  (no boots)
Stlth    ..........             s - amulet of guardian spirit
HPRegen  0.29/turn              q - ring of protection from cold
MPRegen  0.13/turn              E - ring of Fasoll {rF+ rN+}

@: no status effects
A: retaliatory headbutt, horns 2, blurry vision 1, clumsy 2, deformed body,
deterioration 1, screaming 1, weak 1
a: Renounce Religion


You were on level 13 of the Dungeon.
You worshipped Xom.
You were a very special plaything of Xom.
You were near starving.

You visited 2 branches of the dungeon, and saw 15 of its levels.

You collected 1016 gold pieces.

Inventory:

Hand Weapons
 a - a +0 mace of chaos
 m - a +2 morningstar of freezing
 y - the +8 storm bow (weapon) {elec, penet}
   (You found it on level 6 of the Dungeon)

   It charges the ammunition it shoots with electricity; occasionally upon a
   hit, such missiles may discharge and cause terrible harm.
Missiles
 t - 265 arrows (quivered)
 D - 3 throwing nets
Armour
 l - a +0 plate armour (worn)
 F - +0 acid dragon scales
Jewellery
 q - a ring of protection from cold (left hand)
 s - an amulet of guardian spirit (around neck)
 E - the ring of Fasoll (right hand) {rF+ rN+}
   (You found it on level 9 of the Dungeon)

   [ring of protection from fire]

   It protects you from fire.
   It protects you from negative energy.
Wands
 k - a wand of polymorph (8)
 x - a wand of flame (57)
 A - a wand of paralysis (21)
 H - a wand of digging (6)
 I - a wand of random effects (12)
 J - a wand of enslavement (4)
Scrolls
 b - 4 scrolls of amnesia {unknown}
 h - a scroll of noise {unknown}
 i - 7 scrolls of teleportation
 n - 2 scrolls of fear {unknown}
 o - 3 scrolls of immolation
 u - 3 scrolls of fog {unknown}
 v - 3 scrolls of remove curse
 z - a scroll of holy word
 B - 2 scrolls of magic mapping
 G - a scroll of brand weapon
 K - a scroll of enchant weapon
Potions
 d - 5 potions of might
 e - 4 potions of ambrosia
 g - 2 potions of curing
 j - 2 potions of haste
 r - 3 potions of agility
 w - 3 potions of lignification
Comestibles
 c - 23 rations


   Skills:
 + Level 12.3 Fighting
 - Level 9.0 Maces & Flails
 * Level 13.4 Bows
 + Level 12.1 Armour
 + Level 11.0 Dodging


You had 12 spell levels left.
You didn't know any spells.
Your spell library contained the following spells:

 Spells                   Type           Power        Failure   Level  Hunger
 Infusion                 Chrm           #...         100%        1    ##.....
 Magic Dart               Conj           #...         100%        1    ##.....
 Sting                    Conj/Pois      #...         100%        1    ##.....
 Blink                    Tloc           N/A          100%        2    ###....
 Call Imp                 Summ           #.......     100%        2    ###....
 Poisonous Vapours        Pois/Air       #.....       100%        2    ###....
 Shroud of Golubria       Chrm/Tloc      #.........   100%        2    ###....
 Slow                     Hex            #.......     100%        2    ###....
 Song of Slaying          Chrm           #.......     100%        2    ###....
 Conjure Flame            Conj/Fire      #.......     100%        3    ####...
 Mephitic Cloud           Conj/Pois/Air  #.......     100%        3    ####...
 Regeneration             Chrm/Necr      #.........   100%        3    ####...
 Spectral Weapon          Hex/Chrm       #.......     100%        3    ####...
 Static Discharge         Conj/Air       #.......     100%        3    ####...
 Cause Fear               Hex            #.........   100%        4    #####..
 Olgreb's Toxic Radiance  Pois           #.......     100%        4    #####..
 Lightning Bolt           Conj/Air       #.........   100%        5    ######.
 Silence                  Hex/Air        #.........   100%        5    ######.
 Venom Bolt               Conj/Pois      #.........   100%        5    ######.
 Yara's Violent Unravell  Hex/Tmut       #.........   100%        5    ######.
 Deflect Missiles         Chrm/Air       #.........   100%        6    #######
 Discord                  Hex            #.........   100%        8    #######
 Ignition                 Fire           #.........   100%        8    #######
 Shatter                  Erth           #.........   100%        9    #######
 Tornado                  Air            #.........   100%        9    #######


Dungeon Overview and Level Annotations

Branches:
Dungeon (14/15)            Temple (1/1) D:7            Lair (0/6) D:8
    Orc (0/2) D:10         Vaults (0/5) D:13

Altars:
Cheibriados
Fedhas
Hepliaklqana
Makhleb
Qazlal
Trog
Wu Jian
Xom
The Shining One

Shops:
D:7 =   D:9 (


Innate Abilities, Weirdness & Mutations

You reflexively headbutt those who attack you in melee.
You have a pair of horns on your head.
Scrolls take you a little longer to read.
You are very clumsy. (Dex -4)
Armour fits poorly on your strangely shaped body.
Your body sometimes deteriorates upon taking damage.
You occasionally shout uncontrollably at your foes.
You are weak. (Str -2)


Message History

Aim: a deep troll earth mage (heavily wounded)
You shoot an arrow.
The arrow barely misses the deep troll earth mage.
The deep troll earth mage gestures at you while chanting.
The metal wall shatters!
The blast of metal fragments hits you.
Unknown command.
You are too injured to fight recklessly!
Firing (i - inventory. (/) - cycle)
t - 266 arrows (quivered)
Press: ? - help, Shift-Dir - straight line, f/p - deep troll earth mage
Aim: a deep troll earth mage (heavily wounded)
You shoot an arrow.
The arrow barely misses the deep troll earth mage.
The deep troll earth mage bites you!!
The deep troll earth mage claws you but does no damage.
The deep troll earth mage claws you!
* * * LOW HITPOINT WARNING * * *
The metal wall shatters!
The blast of metal fragments hits you!
* * * LOW HITPOINT WARNING * * *
The metal wall shatters!
The blast of metal fragments hits you!!
You die...

....#.....#....# #.....#####.
....#.....#....#####...........
....#.....#....................
....#.....#... .Z.............
....#.....#... ...............
........###..##################
.....P.........#.#..#
........###..##.##..# ........#
#..#.#@#..# #''#.#.## #..#..#.#
#..##### #..###.#.# .)..#..#
#..#.(#T#.#
....'.!####..###(..#.#
....####.....# ###.#.# #####
#.....# ..#.# .#########...#
#.#.# .#.......#...# ..#.


There were no monsters in sight!

Vanquished Creatures
  Harold (D:8)
  Fannar (D:11)
  A catoblepas (D:13)
  4 two-headed ogres
  A centaur warrior (D:13)
  A tengu warrior (D:14)
  3 unseen horrors
  A necromancer (D:13)
  2 deep elf magi
  3 ugly things
  2 cyclopes (D:14)
  A manticore (D:14)
  An elephant (D:8)
  A centaur skeleton (D:13)
  2 gargoyles
  5 kobold demonologists
  A komodo dragon (D:12)
  3 trolls
  A hornet (D:13)
  3 meliai (D:13)
  10 slime creatures
  A shadow (D:11)
  2 wyverns (D:11)
  12 yaks
  A vampire (D:10)
  A basilisk (D:8)
  A hungry ghost (D:14)
  4 vampire mosquitoes (D:14)
  A soldier ant (D:14)
  An acid dragon (D:11)
  2 ice beasts
  9 sky beasts
  8 orc warriors
  3 necrophages
  2 phantoms
  5 ogres
  11 centaurs
  A crocodile (D:8)
  Blork the orc (D:4)
  5 big kobolds
  12 bullfrogs
  A gnoll sergeant (D:4)
  5 scorpions
  12 wights
  8 crimson imps
  4 centaur zombies
  5 hounds
  3 quasits
  5 jellies
  7 orc priests
  10 orc wizards
  A bullfrog skeleton (D:5)
  4 iguanas
  7 worker ants
  A hound skeleton (D:7)
  2 hound zombies
  A worker ant zombie (D:10)
  A howler monkey zombie (D:6)
  12 adders
  10 gnolls
  2 worms (D:3)
  3 leopard geckos
  50 orcs
  A bat (D:2)
  7 giant cockroaches
  4 goblins
  A hobgoblin (D:3)
  4 jackals (D:4)
  10 quokkas
  5 frilled lizards
  5 kobolds
  A leopard gecko zombie (D:5)
  A quokka skeleton (D:8)
  2 rats
326 creatures vanquished.

Vanquished Creatures (others)
  An unseen horror (D:14)
  A sky beast (D:14)
  An adder (D:2)
3 creatures vanquished.

Grand Total: 329 creatures vanquished

Notes
Turn   | Place    | Note
-------+----------+-------------------------------------------
     0 | D:1      | Lanoc the Minotaur Chaos Knight began the quest for the
                  | Orb.
     0 | D:1      | Reached XP level 1. HP: 19/19 MP: 0/0
    76 | D:2      | XOM: silly message
   203 | D:2      | Reached XP level 2. HP: 27/27 MP: 1/1
   257 | D:2      | XOM: silly message
   259 | D:2      | XOM: silly message
   260 | D:2      | Reached XP level 3. HP: 30/33 MP: 2/2
   281 | D:2      | Found a hazy altar of Hepliaklqana.
   288 | D:2      | Found a burning altar of Makhleb.
   337 | D:3      | XOM: noise
   368 | D:3      | Reached XP level 4. HP: 30/40 MP: 3/3
   398 | D:3      | XOM: harmless Erth miscast
   428 | D:3      | XOM: give mutations
   428 | D:3      | Gained mutation: You occasionally shout uncontrollably at
                  | your foes. [Xom's mischief]
   428 | D:3      | Gained mutation: Your body sometimes deteriorates upon
                  | taking damage. [Xom's mischief]
   428 | D:3      | Gained mutation: Scrolls take you a little longer to read.
                  | [Xom's mischief]
   428 | D:3      | Gained mutation: You are weak. (Str -2) [Xom's mischief]
   921 | D:3      | Reached skill level 5 in Maces & Flails
   988 | D:3      | You fall through a shaft for 2 floors!
   988 | D:5      | Entered Level 5 of the Dungeon
   991 | D:5      | XOM: smoke on damage
   994 | D:5      | Reached XP level 5. HP: 23/47 MP: 4/4
  1261 | D:5      | Noticed a sky beast
  1298 | D:5      | Killed a sky beast
  1298 | D:5      | Reached XP level 6. HP: 36/55 MP: 5/5
  1403 | D:5      | XOM: confusion (+ monsters)
  1417 | D:5      | Reached skill level 5 in Fighting
  1472 | D:5      | Found a bloodstained altar of Trog.
  1515 | D:5      | XOM: summons 2 friendly demons
  1536 | D:5      | Reached XP level 7. HP: 39/61 MP: 6/6
  1721 | D:5      | Found a glowing golden altar of the Shining One.
  1880 | D:4      | Noticed Blork the orc
  1905 | D:4      | Killed Blork the orc
  2141 | D:4      | Found an ornate altar of the Wu Jian Council.
  2426 | D:4      | XOM: confusion (+ monsters)
  2442 | D:4      | Reached skill level 5 in Armour
  2570 | D:4      | XOM: harmless Air miscast
  2623 | D:6      | XOM: harmless Necr miscast
  2665 | D:6      | XOM: potion effect (haste)
  2788 | D:6      | Reached XP level 8. HP: 46/70 MP: 5/7
  2992 | D:6      | Found the +8 storm bow {elec, penet}
  3353 | D:6      | Reached skill level 1 in Bows
  3353 | D:6      | Reached skill level 5 in Dodging
  3543 | D:7      | Found Xyacsy's Jewellery Emporium.
  3563 | D:7      | Reached skill level 2 in Bows
  3747 | D:7      | XOM: harmless Conj miscast
  3784 | D:7      | XOM: divination: detect creatures
  3897 | D:7      | Found a staircase to the Ecumenical Temple.
  3975 | D:7      | XOM: confusion (+ monsters)
  3985 | D:7      | Reached skill level 3 in Bows
  4082 | D:7      | XOM: harmless Conj miscast
  4094 | Temple   | Entered the Ecumenical Temple
  4380 | D:8      | Noticed Harold
  4390 | D:8      | Reached XP level 9. HP: 50/79 MP: 5/8
  4394 | D:8      | Killed Harold
  4394 | D:8      | Reached skill level 5 in Bows
  4407 | D:8      | XOM: god gift: blue potion {god gift}
  4451 | D:8      | Found a staircase to the Lair.
  4451 | D:8      | Noticed an elephant
  4462 | D:8      | XOM: cast spell 'Ring of Flames'
  4466 | D:8      | Killed an elephant
  4466 | D:8      | Reached skill level 6 in Bows
  4772 | D:8      | Noticed a brown ugly thing
  4785 | D:8      | Killed a brown ugly thing
  4785 | D:8      | Reached XP level 10. HP: 42/90 MP: 3/9
  5260 | D:8      | Found a stormy altar of Qazlal.
  5342 | D:9      | XOM: harmless Chrm miscast
  5368 | D:9      | Found Eciane's Antique Weapon Shoppe.
  5382 | D:9      | Found a snail-covered altar of Cheibriados.
  5408 | D:9      | Reached skill level 7 in Bows
  5785 | D:9      | Reached skill level 8 in Bows
  5809 | D:9      | Found a blossoming altar of Fedhas.
  6030 | D:9      | Got a smoking ivory ring
  6032 | D:9      | Identified the ring of Fasoll {rF+ rN+} (You found it on
                  | level 9 of the Dungeon)
  6182 | D:10     | Entered Level 10 of the Dungeon
  6324 | D:10     | XOM: cast spell 'Summon Small Mammal'
  6392 | D:10     | XOM: harmless Chrm miscast
  6445 | D:10     | XOM: harmless Pois miscast
  6546 | D:10     | XOM: cloud trail
  6624 | D:10     | XOM: silly message
  6626 | D:10     | XOM: cast spell 'Summon Butterflies'
  6629 | D:10     | XOM: confuse monster(s)
  6793 | D:10     | Found a staircase to the Orcish Mines.
  7055 | D:10     | XOM: confuse monster(s)
  7065 | D:10     | Reached skill level 9 in Bows
  7097 | D:10     | Noticed a gargoyle
  7097 | D:10     | XOM: scenery: create altars
  7102 | D:10     | Killed a gargoyle
  7282 | D:11     | Noticed a two-headed ogre
  7288 | D:11     | XOM: 4-stop teleportation journey
  7310 | D:11     | XOM: potion effect (might)
  7407 | D:11     | Reached XP level 11. HP: 98/98 MP: 10/10
  7660 | D:11     | Reached skill level 10 in Fighting
  7737 | D:11     | Noticed a purple ugly thing
  7741 | D:11     | XOM: harmless Erth miscast
  7748 | D:11     | Killed a purple ugly thing
  7748 | D:11     | Reached skill level 10 in Bows
  7947 | D:11     | XOM: divination: detect items
  7986 | D:11     | Killed a two-headed ogre
  8010 | D:11     | Reached skill level 10 in Armour
  8339 | D:11     | Found a shimmering altar of Xom.
  8343 | D:11     | Found a shimmering altar of Xom.
  8344 | D:11     | Found a shimmering altar of Xom.
  8362 | D:11     | Noticed Fannar
  8369 | D:11     | Killed Fannar
  8565 | D:12     | XOM: noise
  8572 | D:12     | XOM: blink monster(s)
  8639 | D:12     | XOM: chaos cloud
  8644 | D:12     | Killed an unseen horror
  8649 | D:12     | Killed an unseen horror
  8649 | D:12     | Reached skill level 11 in Bows
  8665 | D:12     | Noticed a cyan ugly thing
  8675 | D:12     | Killed a cyan ugly thing
  8703 | D:12     | XOM: summons 4 hostile shadow creatures
  8844 | D:12     | XOM: smoke on damage
  8882 | D:12     | Noticed a deep elf mage
  8890 | D:12     | Killed a deep elf mage
  9040 | D:12     | XOM: harmless Ice miscast
  9083 | D:12     | Reached XP level 12. HP: 109/109 MP: 11/11
  9164 | D:12     | XOM: harmless Air miscast
  9191 | D:12     | Noticed a two-headed ogre
  9193 | D:12     | Killed a two-headed ogre
  9550 | D:14     | XOM: give mutation
  9550 | D:14     | Gained mutation: You are clumsy. (Dex -2) [Xom's mischief]
  9912 | D:14     | Reached skill level 10 in Dodging
  9912 | D:14     | Reached skill level 12 in Bows
  9962 | D:14     | Noticed a tengu warrior
  9974 | D:14     | Killed a tengu warrior
 10037 | D:14     | XOM: mild Conj miscast
 10147 | D:14     | Noticed a two-headed ogre
 10150 | D:14     | Killed a two-headed ogre
 10228 | D:14     | XOM: give mutations
 10228 | D:14     | Gained mutation: Armour fits poorly on your strangely
                  | shaped body. [Xom's mischief]
 10228 | D:14     | Gained mutation: You are very clumsy. (Dex -4) [Xom's
                  | mischief]
 10572 | D:14     | XOM: medium Ice miscast
 10605 | D:14     | XOM: summons 5 hostile demons
 10674 | D:14     | XOM: mild Necr miscast
 10822 | D:13     | Reached skill level 13 in Bows
 10840 | D:13     | Found a gate to the Vaults.
 10840 | D:13     | Noticed a two-headed ogre
 10845 | D:13     | Killed a two-headed ogre
 10885 | D:13     | XOM: 6-stop teleportation journey
 10890 | D:13     | XOM: 5-stop teleportation journey
 10989 | D:13     | XOM: harmless Air miscast
 11036 | D:13     | XOM: summons 6 hostile demons
 11110 | D:13     | Reached XP level 13. HP: 104/118 MP: 12/12
 11112 | D:13     | XOM: smoke on damage
 11138 | D:13     | XOM: summons 6 hostile demons
 11383 | D:12     | XOM: stat loss: -1 Dex (11/12)
 11574 | D:13     | Killed from afar by a deep troll earth mage

Levels and vault maps discovered:
D:1:      lightli_arrival_chessboard, layout_basic
D:2:      layout_basic, nicolae_overflow_hidden_temple, first_ration
D:3:      layout_rooms, minmay_misc_feat_square, st_stairs_1
D:4:      layout_cave_pools, old_standard_altar, lightli_minifort,
          uniq_blork_the_orc
D:5:      layout_basic, kennysheep_little_box, tso_metal_star
D:6:      layout_basic
D:7:      layout_loops_corners, minmay_temple_entry_grid, serial_shops, shop
D:8:      layout_basic, lemuel_doored_altar, david_lair_generic, uniq_harold
D:9:      layout_irregular_city, lemuel_crystal_altar, fedhas_ov_isle_minmay,
          serial_shops, shop
D:10:     layout_long_grid, david_orc_4
D:11:     layout_irregular_city, xom_redecorated, uniq_fannar
D:12:     layout_loops_ring
D:13:     minmay_tearing_corner, layout_irregular_city, david_vaults_1,
          blue_anna_alchemist [blue_anna_fruit_fields, blue_anna_fruit_fields]
D:14:     layout_irregular_city, chequers_serial_rivers_large_a
Temple:   oiseaux_autumnal_temple

Skill      XL: |  1  2  3  4  5  6  7  8  9 10 11 12 13 |
---------------+----------------------------------------+-----
Maces & Flails | 4 5 6 7 9 |  9.0
Fighting       | 4 5 6 7 8 9 11 12 | 12.3
Armour         | 3 4 5 6 8 9 10 11 12 | 12.1
Dodging        | 2 3 4 5 7 8 9 10 11 | 11.0
Bows           | 3 6 9 11 13 | 13.4

Action                   |  1- 3 |  4- 6 |  7- 9 | 10-12 | 13-15 || total
-------------------------+-------+-------+-------+-------+-------++-------
Melee: Mace              |    30 |   152 |   106 |   180 |       ||   468
       Headbutt          |     4 |    22 |    25 |    29 |       ||    80
       Longbow           |       |       |     1 |       |       ||     1
 Fire: Longbow           |       |       |    79 |   440 |    30 ||   549
  Use: Scroll            |       |       |     8 |    10 |     1 ||    19
       Potion            |       |       |     2 |     3 |     3 ||     8
 Stab: Paralysed         |       |     3 |     2 |       |       ||     5
       Confused          |       |     1 |     2 |     3 |       ||     6
       Petrified         |       |       |       |     3 |       ||     3
       Petrifying        |       |       |       |     2 |       ||     2
  Eat: Chunk             |       |     2 |    10 |    16 |       ||    28
       Ration            |       |       |       |     1 |       ||     1
Armor: Leather armour    |     9 |       |       |       |       ||     9
       Plate armour      |       |   135 |   124 |   265 |    15 ||   539
Dodge: Dodged            |    16 |    25 |    47 |   152 |    29 ||   269

Table legend:
 A = Non-vault XP
 B = Vault XP
 C = Vault XP percentage of total XP
 D = Non-vault monster count
 E = Vault monster count
 F = Vault count percentage of total count
                 A         B        C        D         E       F
            +---------+---------+-------+---------+---------+-------
      Total |   33551 |    7916 |  19.1 |     294 |      35 |  10.6
            +---------+---------+-------+---------+---------+-------
        D:1 |       1 |       0 |   0.0 |       1 |       0 |   0.0
        D:2 |      79 |       0 |   0.0 |      14 |       0 |   0.0
        D:3 |      86 |       2 |   2.3 |      18 |       2 |  10.0
        D:4 |      45 |     223 |  83.2 |       7 |       5 |  41.7
        D:5 |     582 |       0 |   0.0 |      19 |       0 |   0.0
        D:6 |    1099 |       0 |   0.0 |      21 |       0 |   0.0
        D:7 |     588 |       0 |   0.0 |      12 |       0 |   0.0
        D:8 |     975 |    1976 |  67.0 |      15 |       5 |  25.0
        D:9 |    2403 |       0 |   0.0 |      31 |       0 |   0.0
       D:10 |    1667 |     628 |  27.4 |      21 |      15 |  41.7
       D:11 |    5414 |     981 |  15.3 |      39 |       1 |   2.5
       D:12 |    6274 |       0 |   0.0 |      35 |       0 |   0.0
       D:13 |    4082 |    4106 |  50.1 |      24 |       7 |  22.6
       D:14 |   10256 |       0 |   0.0 |      37 |       0 |   0.0
            +---------+---------+-------+---------+---------+-------
